Map: Lerilak Crest

Players

Wildlingz - Winner!

  • Race: Zerg Zerg
  • League: Gold

capac

  • Race: Terran Terran
  • League: Gold

VOD

Have the link to the VOD?

Description

Time

  • Played on: Feb. 9, 2016, 2:19 p.m.
  • Length: 11:03
Show
View Real Time Build Order
Export as new Build Order

Wildlingz Zerg - Winner!

Build Orders: Pool First 

Get SALT Encoding   

  12  0:02  Drone  
  13  0:12  Overlord  
  13  0:17  Drone  
  14  0:31  Drone x2  
  14  0:35  Drone  
  17  0:50  Spawning Pool, Drone  
  17  0:54  Extractor  
  16  0:57  Drone  
  17  1:07  Drone  
  18  1:18  Drone  
  19  1:28  Overlord  
  19  1:42  Drone  
  19  1:46  Queen  
  22  1:49  Hatchery  
  22  1:51  Zergling x2  
  22  2:05  Overlord  
  22  2:21  Drone  
  23  2:26  Queen, Roach Warren  
  24  2:43  Overlord  
  24  2:45  Drone x2  
  24  2:49  Extractor  
  25  2:58  Zergling x6  
  28  3:17  Roach x2  
  28  3:18  Roach  
  34  3:25  Queen  
  34  3:27  Roach x2  
  40  3:32  Lair  
  40  3:39  Spore Crawler  
  39  3:47  Roach  
  41  3:52  Drone  
  41  3:53  Drone  
  44  3:55  Drone  
  44  4:07  Drone  
  44  4:08  Drone x2  
  47  4:15  Overlord  
  47  4:25  Overlord  
  47  4:27  Drone x2  
  49  4:35  Drone  
  50  4:42  Ravager x2  
  50  4:44  Ravager x2  
  54  4:46  Overlord, Drone  
  55  4:57  Drone x2  
  55  4:58  Drone x3  
  60  5:03  Overlord  
  60  5:07  Roach  
  62  5:15  Overseer  
  62  5:22  Overlord x2  
  62  5:23  Drone x2  
  62  5:24  Drone  
  65  5:34  Drone  
  65  5:35  Drone  
  67  5:37  Spore Crawler  
  67  5:39  Evolution Chamber  
  67  5:42  Evolution Chamber  
  64  5:45  Drone x2  
  64  5:46  Drone  
  67  5:56  Drone x3  
  70  5:58  Drone x2  
  70  5:59  Roach  
  70  6:02  Extractor  
  70  6:03  Roach  
  75  6:04  Extractor  
  75  6:06  Roach  
  75  6:08  Drone  
  75  6:09  Drone  
  78  6:14  Glial Reconstitution  
  78  6:22  Zerg Missile Weapons Level 1, Zerg Ground Armor Level 1  
  78  6:25  Ravager x2  
  80  6:26  Ravager  
  80  6:27  Drone x2  
  83  6:35  Pneumatized Carapace  
  83  6:37  Roach  
  83  6:38  Roach  
  87  6:40  Overlord  
  87  6:45  Roach x2  
  87  6:46  Overlord  
  91  6:48  Overseer  
  91  7:12  Overlord x2  
  91  7:14  Spire  
  90  7:18  Hatchery  
  89  7:27  Roach x3  
  89  7:28  Overlord, Roach x2  
  99  7:31  Drone  
  100  7:51  Overlord  
  100  7:52  Overlord x3  
  100  7:53  Roach x4  
  100  7:56  Roach  
  110  8:01  Roach  
  110  8:02  Roach  
  110  8:03  Roach  
  116  8:06  Roach  
  117  8:13  Roach x2  
  121  8:25  Roach x5  
  131  8:32  Roach x3  
  139  8:41  Roach x3  
  139  8:42  Roach  
  145  8:49  Roach x3  
  145  8:52  Roach  
  153  8:57  Roach  
  153  8:58  Roach  
  153  9:01  Roach  
  159  9:03  Ravager x4  
  159  9:06  Roach  
  165  9:11  Overlord  
  165  9:18  Drone x4  
  169  9:32  Metabolic Boost  
  169  9:37  Infestation Pit  
  148  10:15  Roach x2  
  148  10:16  Overlord  
  148  10:17  Overlord x2  
Show
View Real Time Build Order
Export as new Build Order

capac Terran 

Build Orders:  

Get SALT Encoding   

  12  0:00  SCV  
  13  0:13  SCV  
  14  0:18  Supply Depot  
  14  0:25  SCV  
  15  0:39  SCV  
  16  0:42  Barracks  
  16  0:46  Refinery  
  16  0:55  SCV  
  17  1:07  SCV  
  18  1:19  SCV  
  19  1:31  Supply Depot, Marine  
  20  1:35  SCV  
  21  1:47  SCV  
  21  1:49  Marine  
  23  1:59  SCV  
  24  2:07  Marine  
  25  2:10  Command Center  
  25  2:14  SCV  
  26  2:24  Factory  
  26  2:25  Refinery  
  26  2:30  Orbital Command  
  26  2:40  Barracks Tech Lab  
  26  3:00  SCV  
  26  3:15  Barracks  
  26  3:19  Barracks Tech Lab  
  26  3:22  SCV  
  27  3:42  Siege Tank  
  30  3:50  Bunker  
  30  3:52  Marine  
  31  3:59  SCV  
  32  4:04  Supply Depot, Barracks Reactor  
  32  4:05  Barracks  
  32  4:15  Starport  
  32  4:30  Supply Depot  
  32  4:38  Orbital Command  
  32  4:43  Marine x2  
  32  4:44  Marine  
  32  4:45  Barracks x2, Siege Tank  
  38  5:00  Supply Depot  
  38  5:01  Barracks Reactor  
  38  5:03  Engineering Bay  
  38  5:04  SCV  
  39  5:11  SCV  
  42  5:23  Starport Reactor  
  42  5:24  Marine x3  
  42  5:28  Supply Depot  
  43  5:36  SCV x2  
  43  5:37  Missile Turret  
  43  5:39  Barracks Reactor x2  
  45  5:46  Siege Tank  
  48  5:57  Supply Depot  
  48  6:01  SCV x2  
  50  6:13  SCV  
  50  6:18  Missile Turret  
  51  6:19  Marine  
  51  6:20  Marine x3  
  51  6:21  Marine x3  
  51  6:22  Marine  
  51  6:24  Medivac  
  51  6:25  Medivac  
  63  6:27  Terran Infantry Weapons Level 1  
  63  6:29  Supply Depot  
  63  6:30  SCV  
  63  6:32  SCV  
  65  6:41  Refinery  
  65  6:51  Missile Turret  
  65  6:53  Supply Depot  
  65  6:54  Medivac  
  65  6:55  Medivac  
  65  6:58  Marine x4  
  65  7:01  Marine x2  
  74  7:04  Marine  
  76  7:09  Stimpack  
  76  7:18  Refinery  
  76  7:20  Liberator  
  76  7:21  Marine x3  
  76  7:22  Marine  
  80  7:29  Siege Tank  
  87  7:44  SCV x2  
  88  7:51  Marine, Liberator  
  88  7:52  Marine x5  
  88  7:53  Marine x2  
  96  8:01  SCV x2  
  101  8:14  Marine  
  102  8:23  Supply Depot  
  102  8:29  Terran Infantry Armor Level 1  
  102  8:34  Supply Depot, Armory  
  102  8:38  Supply Depot  
  102  8:44  Marine x4  
  106  9:02  Supply Depot x2  
  106  9:05  Marine x2  
  106  9:06  Marine x3  
  106  9:08  Command Center  
  111  9:11  Liberator  
  111  9:15  SCV x2  
  113  9:24  Engineering Bay  
  116  9:37  Combat Shields  
  88  10:25  Siege Tank  
  59  10:43  Marine x3  
  59  10:44  Marine x3  
Tags
 
Add a new tag
Caveats
  • Supply blocks, unpowered buildings, or Contaminate may cause inaccurate times.
  • Supply counts are checked every 10 seconds.